Map: Chain of Ascension

Players

Andreas

  • Race: Terran Terran

NamroodTuo

  • Race: Zerg Zerg

VOD

Have the link to the VOD?

Description

Time

  • Played on: Jan. 17, 2023, 9:48 a.m.
  • Length: 30:22
Show
View Real Time Build Order
Export as new Build Order

Andreas Terran 

Build Orders:  

Get SALT Encoding   

  12  0:04  SCV  
  13  0:12  SCV  
  14  0:24  SCV  
  15  0:40  Supply Bunker  
  15  0:57  SCV  
  16  1:06  Barracks  
  16  1:17  SCV  
  17  1:25  SCV  
  17  1:29  Refinery  
  18  1:33  SCV  
  18  1:36  Refinery  
  19  1:41  SCV  
  19  1:49  SCV  
  21  1:57  SCV  
  22  2:05  SCV  
  23  2:12  SCV  
  23  2:17  Engineering Bay  
  24  2:20  SCV  
  24  2:28  SCV  
  26  2:36  SCV  
  27  2:43  Engineering Bay  
  27  2:46  SCV, Supply Bunker, Dominion Trooper x6  
  34  3:05  Supply Bunker  
  34  3:07  Supply Bunker  
  34  3:11  Supply Bunker  
  34  3:29  Factory  
  34  3:34  Orbital Trooper Pods  
  34  3:37  Terran Infantry Weapons Level 1  
  34  4:32  Supply Bunker  
  34  4:51  SCV  
  34  4:54  Starport  
  34  4:59  SCV  
  36  5:04  Terran Infantry Armor Level 1  
  36  5:08  Armory  
  31  5:45  Dominion Trooper  
  32  5:53  Dominion Trooper  
  32  5:56  Supply Bunker, Dominion Trooper x6  
  37  6:01  Dominion Trooper  
  37  6:09  Dominion Trooper  
  39  6:17  Dominion Trooper  
  39  6:19  Marauder  
  44  6:25  Dominion Trooper  
  45  6:33  Dominion Trooper  
  46  6:41  Dominion Trooper  
  46  6:52  Imperial Witness  
  49  7:17  Dominion Trooper  
  50  7:25  Dominion Trooper  
  48  7:33  Dominion Trooper  
  47  7:41  Dominion Trooper  
  47  7:45  Fusion Core  
  47  7:48  Dominion Trooper  
  49  7:52  Supply Bunker  
  49  7:54  Supply Bunker  
  49  7:56  Dominion Trooper  
  50  8:04  Dominion Trooper  
  57  8:10  Supply Bunker, Dominion Trooper x6  
  57  8:12  Dominion Trooper  
  57  8:17  Supply Bunker  
  52  8:20  Dominion Trooper  
  52  8:28  Dominion Trooper  
  48  8:39  Supply Bunker  
  42  9:10  Dominion Trooper  
  42  9:18  Dominion Trooper  
  40  9:26  Dominion Trooper  
  38  9:34  Dominion Trooper  
  38  9:42  Dominion Trooper  
  39  9:50  Dominion Trooper  
  39  9:51  Imperial Witness  
  39  9:58  Dominion Trooper  
  43  10:06  Dominion Trooper  
  44  10:13  Dominion Trooper  
  45  10:21  Medivac, Dominion Trooper  
  45  10:29  Dominion Trooper  
  49  10:37  Dominion Trooper  
  50  10:42  Medivac  
  50  10:45  Dominion Trooper  
  53  10:53  Dominion Trooper  
  54  11:01  Dominion Trooper  
  54  11:03  Viking  
  54  11:09  Dominion Trooper  
  60  11:17  Dominion Trooper  
  61  11:47  Dominion Trooper, Imperial Witness  
  64  11:52  Marauder  
  64  11:55  Dominion Trooper  
  69  12:03  Dominion Trooper  
  70  12:10  Dominion Trooper  
  70  12:14  Viking  
  70  12:18  Dominion Trooper  
  72  12:26  Dominion Trooper  
  73  12:34  Dominion Trooper  
  73  12:38  Imperial Witness  
  74  12:42  Dominion Trooper  
  75  12:50  Dominion Trooper  
  75  12:58  Dominion Trooper  
  77  13:06  Dominion Trooper  
  77  13:12  Amplified Airwaves  
  78  13:32  Dominion Trooper  
  78  13:39  Dominion Trooper  
  80  13:44  Supply Bunker, Dominion Trooper x6  
  80  13:47  Dominion Trooper  
  91  13:50  Supply Bunker, Dominion Trooper x6  
  91  13:55  Dominion Trooper  
  86  14:03  Dominion Trooper  
  87  14:11  Dominion Trooper  
  87  14:12  Dual Resuscitators  
  87  14:19  Dominion Trooper  
  89  14:27  Dominion Trooper  
  89  14:31  Command Center  
  88  15:06  SCV  
  89  15:12  Scatter Veil  
  89  15:14  SCV  
  90  15:22  SCV  
  90  15:26  Viking  
  91  15:30  SCV  
  91  15:38  SCV  
  93  15:46  SCV  
  94  15:54  SCV  
  95  16:02  SCV  
  96  16:33  Viking  
  96  16:36  Supply Bunker, Dominion Trooper x6  
  96  17:27  SCV  
  95  17:35  SCV  
  85  17:43  SCV  
  68  17:51  SCV  
  68  17:54  Unknown x7  
  68  17:55  Unknown x8  
  68  17:59  SCV  
  63  18:07  SCV  
  64  18:15  SCV  
  66  18:22  Dominion Trooper  
  66  18:23  SCV  
  68  18:30  Dominion Trooper  
  68  18:34  Viking  
  68  18:38  Dominion Trooper  
  68  18:39  Dominion Trooper  
  76  18:46  Dominion Trooper  
  76  18:47  Dominion Trooper  
  78  18:54  Dominion Trooper  
  78  18:55  Dominion Trooper  
  80  19:02  Dominion Trooper  
  80  19:03  Dominion Trooper  
  80  19:08  Supply Bunker, Dominion Trooper x6  
  86  19:10  Dominion Trooper x2  
  86  19:16  Viking  
  86  19:18  Dominion Trooper x2  
  91  19:58  Viking  
  95  20:09  Refinery, Dominion Trooper x2  
  99  20:12  Refinery  
  99  20:17  Dominion Trooper x2  
  101  20:25  Dominion Trooper x2  
  99  20:33  Dominion Trooper x2  
  101  20:40  Imperial Witness  
  101  20:41  Dominion Trooper x2  
  101  20:49  Dominion Trooper x2  
  107  20:57  Dominion Trooper x2  
  109  21:05  Dominion Trooper x2  
  111  21:10  Imperial Witness  
  111  21:12  Dominion Trooper  
  111  21:13  Dominion Trooper  
  115  21:20  Dominion Trooper  
  115  21:21  Dominion Trooper  
  115  21:28  Dominion Trooper  
  115  21:29  Dominion Trooper  
  119  21:36  Dominion Trooper  
  119  21:37  Dominion Trooper  
  121  21:44  SCV, Dominion Trooper  
  121  21:45  Dominion Trooper  
  120  21:52  SCV  
  127  22:00  SCV  
  127  22:01  Supply Bunker, Dominion Trooper x6  
  127  22:08  SCV  
  125  22:16  SCV  
  122  22:24  SCV  
  124  22:35  Dominion Trooper  
  126  22:40  Dominion Trooper  
  126  22:43  Dominion Trooper  
  126  22:48  Dominion Trooper  
  129  22:51  Dominion Trooper  
  129  22:54  Unknown x8  
  129  22:55  Unknown x7  
  129  22:56  Dominion Trooper  
  129  22:59  Dominion Trooper  
  129  23:04  Dominion Trooper  
  129  23:06  Dominion Trooper  
  126  23:12  Dominion Trooper  
  126  23:14  Dominion Trooper  
  126  23:20  Dominion Trooper  
  126  23:22  Dominion Trooper  
  126  23:28  Dominion Trooper  
  127  23:30  Dominion Trooper  
  127  24:26  Supply Bunker, Dominion Trooper x6  
  133  25:12  Viking  
  133  25:17  Marauder  
  141  25:21  Terran Infantry Weapons Level 2  
  141  25:24  Terran Infantry Armor Level 2  
  141  25:54  Viking  
  141  25:59  Viking x3  
  145  26:00  Viking  
  145  26:08  SCV  
  146  26:16  SCV  
  137  26:24  SCV  
  128  26:32  Dominion Trooper  
  128  26:36  Viking  
  129  26:40  Dominion Trooper x2  
  129  26:48  Dominion Trooper x2  
  115  26:51  Unknown x4  
  115  26:52  Unknown x8  
  115  26:53  Unknown x3  
  115  26:56  Dominion Trooper x2  
  112  27:04  Dominion Trooper x2  
  114  27:12  Dominion Trooper x2  
  114  27:18  Viking  
  120  27:20  Dominion Trooper x2  
  120  27:27  Dominion Trooper  
  120  27:28  Dominion Trooper  
  124  27:34  SCV x6  
  124  27:35  Dominion Trooper  
  124  27:36  Dominion Trooper  
  124  27:39  Supply Bunker, Dominion Trooper x6  
  132  27:43  Dominion Trooper x2  
  134  27:51  Dominion Trooper x2  
  134  27:59  Dominion Trooper x2  
  138  28:00  Viking  
  138  28:07  Dominion Trooper x2  
  144  28:15  Dominion Trooper x2  
  146  28:23  Dominion Trooper x2  
  147  28:31  Dominion Trooper x2  
  147  28:39  Dominion Trooper x2  
  151  28:47  Dominion Trooper x2  
  152  28:55  Dominion Trooper x2  
  152  28:56  Supply Bunker, Dominion Trooper x6  
  152  28:58  Supply Bunker, Dominion Trooper x6  
  170  29:00  Supply Bunker, Dominion Trooper x6  
  170  29:03  Dominion Trooper x2  
  160  29:54  Dominion Trooper x2  
  166  30:02  Dominion Trooper x2  
  168  30:10  Dominion Trooper x2  
  168  30:18  Dominion Trooper x2  
Show
View Real Time Build Order
Export as new Build Order

NamroodTuo Zerg 

Build Orders:  

Get SALT Encoding   

  12  0:05  Infested SCV  
  13  0:12  Infested SCV  
  13  0:19  Infested SCV  
  15  0:44  Infested Barracks  
  15  0:50  Overlord  
  15  1:06  Infested Refinery  
  15  1:10  Infested Refinery  
  15  1:17  Overlord  
  15  1:19  Infested SCV  
  16  1:26  Infested SCV  
  17  1:34  Infested SCV  
  18  1:54  Infested SCV  
  18  1:55  Infested SCV  
  20  2:10  Infested Barracks Tech Lab  
  20  2:16  Infested Barracks  
  20  2:37  Infested Marine x3  
  20  2:38  Infested Marine x3  
  26  2:48  Retinal Augmentation  
  26  2:59  Infested SCV  
  27  3:00  Infested SCV x2  
  27  3:03  Overlord  
  29  3:16  Infested SCV  
  30  3:33  Infested Marine x2  
  30  3:36  Infested Marine x4  
  30  3:37  Infested Marine  
  30  3:38  Infested Marine  
  38  3:43  Infested SCV  
  39  3:50  Overlord  
  36  4:33  Infested Bunker  
  32  4:53  Infested SCV  
  32  4:54  Infested SCV x3  
  36  5:03  Infested Engineering Bay  
  36  5:06  Infested SCV  
  38  5:40  Infested Bunker  
  38  5:43  Infested Marine x4  
  38  5:44  Infested Marine x5  
  47  6:00  Regenerative Plating  
  47  6:33  Overlord x3  
  47  6:44  Overlord  
  47  6:46  Overlord  
  47  7:02  Infested Bunker  
  47  7:04  Infested Marine  
  47  7:05  Infested Marine x2  
  47  7:06  Infested Marine  
  55  7:14  Infested Marine  
  55  7:16  Infested Marine x2  
  55  7:18  Infested Marine x3  
  61  7:20  Infested Marine  
  61  7:21  Infested Marine x2  
  55  7:37  Infested SCV  
  55  7:38  Infested SCV  
  57  8:04  Infested Bunker  
  56  8:11  Infested Marine x5  
  56  8:12  Infested Marine x4  
  65  8:40  Infested Marine  
  65  8:41  Infested Marine x16  
  61  9:08  Infested Missile Turret  
  58  9:20  Infested Marine  
  58  9:21  Infested Marine x2  
  58  9:26  Infested Marine  
  58  9:27  Infested Marine x14  
  76  9:39  Infested Missile Turret  
  80  10:01  Infested Bunker  
  80  10:08  Infested Marine, Infested Missile Turret  
  80  10:09  Infested Marine x6  
  72  10:44  Infested Marine x4  
  72  10:45  Infested Marine x11  
  69  11:12  Infested Marine  
  69  11:13  Infested Marine x6  
  69  11:14  Infested Marine x6  
  82  11:20  Infested Marine  
  82  11:21  Infested Marine x4  
  80  11:34  Infested Bunker  
  83  12:06  Infested Bunker  
  80  12:12  Stukov Infantry Weapons Level 1  
  63  12:36  Infested Marine x6  
  63  12:37  Infested Marine x11  
  70  13:42  Infested Marine  
  70  13:43  Infested Marine x16  
  87  14:06  Overlord  
  87  14:07  Overlord x4  
  85  14:17  Infested Marine  
  85  14:18  Infested Marine x14  
  84  14:38  Infested Marine x6  
  84  14:39  Infested Marine x4  
  85  14:52  Stukov Infantry Armor Level 1  
  83  15:03  Infested Bunker  
  83  15:04  Infested Marine  
  83  15:05  Infested Marine x7  
  83  15:09  Unknown  
  91  15:17  Infested Marine  
  91  15:18  Infested Marine x7  
  85  15:28  Infested Marine x4  
  78  16:19  Infested Marine  
  79  16:20  Infested Marine x19  
  82  17:27  Infested Bunker  
  82  17:39  Infested Bunker  
  82  17:41  Infested SCV  
  82  17:42  Infested SCV  
  82  17:43  Overlord x2  
  80  17:55  Infested Barracks  
  78  18:09  Infested Marine x5  
  64  18:10  Infested Marine x11  
  75  18:34  Infested Factory  
  70  19:18  Infested Factory  
  58  19:40  Infested Marine x2  
  58  19:41  Infested Marine x22  
  58  19:42  Infested Marine x6  
  72  20:07  Infested Bunker  
  80  20:32  Stukov Infantry Weapons Level 2  
  80  20:38  Infested Marine  
  80  20:39  Infested Marine x7  
  88  20:46  Infested Marine x4  
  88  20:47  Infested Marine x6  
  96  20:57  Infested Marine, Infested Bunker  
  96  20:58  Infested Marine x8  
  81  21:44  Infested Marine  
  81  21:45  Infested Marine x7  
  81  21:46  Infested Marine x2  
  81  21:47  Infested Bunker  
  65  22:31  Infested Command Center  
  64  22:43  Infested Marine  
  64  22:44  Infested Marine x8  
  57  23:42  Stukov Infantry Armor Level 2  
  50  24:03  Infested Missile Turret  
  50  24:09  Infested Missile Turret  
  50  24:13  Infested SCV x3  
  53  24:26  Infested Missile Turret  
  53  24:37  Infested Marine x2  
  53  24:38  Infested Marine x20  
  53  24:39  Infested Marine x5  
  80  25:16  Infested Marine x5, Infested Missile Turret  
  80  25:17  Infested Marine x9  
  98  25:22  Infested SCV x3  
  101  25:36  Infested Missile Turret  
  101  25:40  Infested SCV x2  
  101  25:43  Infested Bunker  
  101  25:46  Overlord  
  101  25:49  Infested SCV  
  104  25:54  Infested Marine  
  104  25:55  Infested Marine x8  
  104  25:56  Infested Marine  
  114  26:19  Infested Armory  
  87  26:25  Infested Marine  
  87  26:26  Infested Marine x21  
  87  26:27  Infested Marine x3  
  112  26:35  Infested Marine  
  112  26:36  Infested Marine x6  
  112  26:37  Infested Marine  
  106  27:07  Infested Marine  
  106  27:08  Infested Marine x9  
  106  27:09  Infested Marine x8  
  124  27:27  Calcified Armor  
  114  27:43  Infested Marine x3  
  114  27:44  Infested Marine x14  
  124  28:09  Infested Marine  
  99  28:10  Infested Marine x6  
  99  28:11  Infested Marine x14  
  119  28:24  Infested Marine  
  119  28:25  Infested Marine x6  
  121  28:39  Infested Marine  
  120  28:40  Infested Marine x8  
  110  29:12  Infested SCV x5  
  121  29:25  Infested Bunker  
  81  29:56  Infested Marine  
  81  29:57  Infested Marine x22  
  81  29:58  Infested Marine x7  
Tags
 
Add a new tag
Caveats
  • Supply blocks, unpowered buildings, or Contaminate may cause inaccurate times.
  • Supply counts are checked every 10 seconds.